 Dungeon Sprint DCSS version 0.18-a0-1354-gbc5753f (webtiles) character file.

6708 Kidiri the Unseen (level 10, -20/51 (53) HPs)
             Began as a Spriggan Enchanter on Feb 19, 2016.
             Was a Believer of Dithmenos.
             Killed from afar by a hellephant (51 damage)
             ... with a blast of flame
             ... in the Dungeon (Sprint II: "The Violet Keep of Menkaure").
             The game lasted 00:14:17 (2440 turns).

Kidiri the Unseen (Spriggan Enchanter)              Turns: 2440, Time: 00:14:17

HP:   -20/51 (53)   AC:  6    Str:  4    XL:     10   Next: 74%
MP:   23/27         EV: 31    Int: 19    God:    Dithmenos [**....]
Gold: 665           SH:  0    Dex: 18    Spells: 7 memorised, 6 levels left

rFire  . . .     SeeInvis +     a - +1 dagger
rCold  . . .     Gourm    .     b - +1 robe
rNeg   + . .     Faith    .     (shield restricted)
rPois  .         Spirit   .     x - +0 hat
rElec  .         Dismiss  .     v - +2 cloak
rCorr  .         Reflect  .     (gloves unavailable)
SustAt .         Harm     .     (boots unavailable)
MR     +....     NoTele   +     (no amulet)
Stlth  +++++++++.               (no ring)
                                s - ring of positive energy

@: flying, wreathed by umbra, very quick, somewhat resistant to hostile
enchantments, incredibly stealthy
A: unfitting armour, see invisible, herbivore 3, speed 3, slow metabolism 2
a: Shadow Step, Renounce Religion


You were in the Dungeon.
You worshipped Dithmenos.
Dithmenos was pleased with you.
You were not hungry.

You visited 1 branch You collected 1380 gold pieces.
You spent 715 gold pieces at shops.

Inventory:

Hand Weapons
 a - a +1 dagger (weapon)
Armour
 b - a +1 robe (worn)
 v - a +2 cloak (worn)
 x - a +0 hat (worn)
Jewellery
 s - a ring of positive energy (left hand)
Scrolls
 f - a scroll of recharging {unknown}
 j - 5 scrolls of blinking
 m - a scroll of enchant armour {unknown}
 o - 2 scrolls of remove curse
 r - a scroll of identify {unknown}
 w - a scroll of fog {unknown}
 y - a scroll of enchant weapon {unknown}
Potions
 e - 2 potions of curing
 g - 2 potions of haste
 h - 5 potions of magic
 k - 2 potions of cancellation {unknown}
 l - a potion of berserk rage
 n - a potion of mutation {unknown}
 p - 3 potions of flight
 q - a potion of agility {unknown}
 u - 3 potions of resistance {unknown}
Comestibles
 d - a bread ration
 t - a slice of pizza


   Skills:
 + Level 6.0 Fighting
 * Level 11.3 Short Blades
 + Level 5.4 Armour
 * Level 14.3 Dodging
 * Level 15.6 Stealth
 * Level 12.3 Spellcasting
 + Level 4.4 Conjurations
 + Level 9.6 Hexes
 + Level 5.0 Ice Magic
 + Level 4.5 Earth Magic
 - Level 2.1 Invocations


You had 6 spell levels left.
You knew the following spells:

 Your Spells              Type           Power        Failure   Level  Hunger
a - Corona                Hex            #####..      1%          1    None
b - Ensorcelled Hibernat  Hex/Ice        #####.       1%          2    None
c - Confuse               Hex            #####...     1%          3    None
d - Tukima's Dance        Hex            #####...     1%          3    None
e - Dazzling Spray        Conj/Hex       #####...     1%          3    None
f - Iron Shot             Conj/Erth      ####......   97%         6    ######.
g - Shatter               Erth           ####......   100%        9    #######


Dungeon Overview and Level Annotations

Branches:
Dungeon (1/1)

Altars:
Cheibriados
Dithmenos
Elyvilon
Fedhas
Gozag
Kikubaaqudgha
Makhleb
Nemelex Xobeh
Okawaru
Pakellas
Qazlal
Ru
Sif Muna
Trog
Vehumet
Xom
Yredelemnul
Zin
The Shining One
Beogh
Jiyva
Lugonu

Shops:
D [:%=?:}!!=((:%[[

Annotations:
D exclusion: oklob plant, Roxanne


Innate Abilities, Weirdness & Mutations

You are tiny and cannot use many weapons and most armour.
You have supernaturally acute eyesight.
You are an herbivore.
You cover ground extremely quickly.
You need consume almost no food.


Message History

Dithmenos appreciates your extinguishing a source of fire.
Your Fighting skill increases to level 6!
Your Dodging skill increases to level 14!
Your Ice Magic skill increases to level 5!
Casting: Dazzling Spray
Confirm with . or Enter, or press ? or * to list all spells.
Aiming: Dazzling Spray
Press: ? - help, Shift-Dir - straight line, f - hellephant
Aim: a hellephant (umbra)
The spray of energy hits the hellephant.
The hellephant is lightly wounded.
The spray of energy hits the giant orange brain.
The giant orange brain is moderately wounded.
The hellephant completely misses you. The hellephant bites you!!
The hellephant completely misses you.
Unknown command.
The hellephant breathes flames at you. The blast of flame hits you!
Ouch! That really hurt!
You die...

#..§▓≈≈§≈≈≈≈≈▓▓
#§=▓▓▓▓▓▓▓▓▓▓▓▓+▓▓
#[§▓)..(.[..▓▓...▓
#=:▓(...%)..▓▓.⌠§▓
##})▓..).....▓▓...▓
####▓.....[[[▓▓...▓
##)#▓.((.)))(▓▓G))▓
#..#▓().)([..▓▓Y..▓
#%.#▓([[..[.(▓▓$@.▓
##.#▓[().....▓▓.$$▓
..##▓▓▓▓▓▓▓+▓▓▓▓'▓▓
≈≈≈≈≈≈≈≈≈≈≈...≈≈≈▓
+########+###.≈≈≈▓
..._._._#≈§§##≈≈≈▓
.._._._.#§≈§§####▓▓
._._._._#§§§≈≈##..#
_._._._.#§≈≈≈§§#.§#


You could see a hellephant and a giant orange brain.

Vanquished Creatures
  A kraken (D)
  A draconian shifter (D)
  Sonja (D)
  2 deep trolls (D)
  A siren (D)
  A yaktaur (D)
  3 polar bears (D)
  2 hippogriffs (D)
  Menkaure (D)
  4 necrophages (D)
  A wasp (D)
  3 crocodiles (D)
  4 worker ants (D)
  A hell rat (D)
  2 tentacles (D)
28 creatures vanquished.

Vanquished Creatures (others)
  A crocodile (D)
  40 tentacles (D)
  398 tentacle segments (D)
439 creatures vanquished.

Grand Total: 467 creatures vanquished

Notes
Turn   | Place    | Note
--------------------------------------------------------------
     0 | D        | Kidiri the Spriggan Enchanter began the quest for the Orb.
     0 | D        | Reached XP level 1. HP: 9/9 MP: 5/5
     1 | D        | Noticed a hippogriff
     1 | D        | Noticed a hippogriff
     4 | D        | Noticed a necrophage
     4 | D        | Noticed a necrophage
     4 | D        | Noticed a necrophage
     4 | D        | Noticed a necrophage
    11 | D        | Killed a necrophage
    11 | D        | Reached skill level 1 in Fighting
    11 | D        | Reached skill level 1 in Armour
    11 | D        | Reached skill level 5 in Dodging
    11 | D        | Reached skill level 7 in Stealth
    11 | D        | Reached XP level 2. HP: 9/15 MP: 4/8
    11 | D        | Reached XP level 3. HP: 11/18 MP: 5/10
    11 | D        | Reached XP level 4. HP: 13/23 MP: 5/11
    18 | D        | Killed a necrophage
    18 | D        | Reached skill level 5 in Short Blades
    18 | D        | Reached skill level 8 in Stealth
    18 | D        | Reached skill level 5 in Hexes
    18 | D        | Reached XP level 5. HP: 12/27 MP: 5/14
    23 | D        | Killed a necrophage
    23 | D        | Reached skill level 9 in Stealth
    41 | D        | Killed a crocodile
   145 | D        | Killed a necrophage
   145 | D        | Reached XP level 6. HP: 23/30 MP: 12/17
   149 | D        | Learned a level 2 spell: Ensorcelled Hibernation
   153 | D        | Learned a level 3 spell: Confuse
   157 | D        | Learned a level 3 spell: Tukima's Dance
   161 | D        | Learned a level 3 spell: Dazzling Spray
   409 | D        | Noticed a siren
   415 | D        | Reached skill level 10 in Stealth
   477 | D        | Killed a hippogriff
   477 | D        | Reached skill level 1 in Conjurations
   477 | D        | Reached skill level 1 in Ice Magic
   477 | D        | Reached XP level 7. HP: 34/34 MP: 15/19
   485 | D        | Killed a hippogriff
   485 | D        | Reached skill level 11 in Stealth
   614 | D        | Noticed a flying skull
   614 | D        | Noticed a flying skull
   615 | D        | Noticed a flying skull
   615 | D        | Noticed a flying skull
   615 | D        | Noticed a flying skull
   616 | D        | Noticed a flying skull
   616 | D        | Noticed a flying skull
   616 | D        | Noticed a flying skull
   616 | D        | Noticed a flying skull
   616 | D        | Noticed Menkaure
   616 | D        | Noticed a flying skull
   618 | D        | Killed Menkaure
   618 | D        | Reached skill level 10 in Dodging
   620 | D        | Noticed a flying skull
   620 | D        | Noticed a flying skull
   632 | D        | Killed a siren
   632 | D        | Reached skill level 12 in Stealth
   632 | D        | Reached XP level 8. HP: 40/40 MP: 22/22
   657 | D        | Found Ykhlig's Antique Armour Emporium.
   658 | D        | Found Deakorur's Food Emporium.
   658 | D        | Found Sokuceup's Book Shoppe.
   665 | D        | Found Bosto's Antique Weapon Emporium.
   665 | D        | Found Roetzug's Jewellery Shoppe.
   707 | D        | Found Puodih's Gadget Emporium.
   707 | D        | Found Lohotuz's Book Shoppe.
   707 | D        | Found Onisch's Antique Armour Shoppe.
   707 | D        | Found Xatong Xeant's Distillery.
   708 | D        | Found Emuaveit's Antique Weapon Emporium.
   708 | D        | Found Lain's Magic Scroll Shoppe.
   708 | D        | Noticed a slime creature
   709 | D        | Found Zakhlokudwy's Distillery.
   711 | D        | Found Nyaqaumn's Jewellery Shoppe.
   711 | D        | Found Zeqi's Food Emporium.
   711 | D        | Noticed a slime creature
   711 | D        | Noticed a slime creature
   711 | D        | Noticed an oklob plant
   712 | D        | Found Xeqewk's Antique Armour Shoppe.
   712 | D        | Found Guifal's Book Shoppe.
   717 | D        | Noticed a great orb of eyes
   746 | D        | Bought a book of the Earth for 715 gold pieces
   753 | D        | Learned a level 6 spell: Iron Shot
   784 | D        | Found an ancient bone altar of Kikubaaqudgha.
   785 | D        | Found a deep blue altar of Sif Muna.
   785 | D        | Found a basalt altar of Yredelemnul.
   786 | D        | Found a bloodstained altar of Trog.
   786 | D        | Found a white marble altar of Elyvilon.
   787 | D        | Found a burning altar of Makhleb.
   787 | D        | Found a radiant altar of Vehumet.
   787 | D        | Found a roughly hewn altar of Beogh.
   787 | D        | Found an iron altar of Okawaru.
   787 | D        | Found a shadowy altar of Dithmenos.
   788 | D        | Found an opulent altar of Gozag.
   788 | D        | Found a viscous altar of Jiyva.
   788 | D        | Found a corrupted altar of Lugonu.
   789 | D        | Found a blossoming altar of Fedhas.
   789 | D        | Found a shimmering altar of Xom.
   789 | D        | Found a glowing golden altar of the Shining One.
   790 | D        | Found a stormy altar of Qazlal.
   790 | D        | Found a glowing silver altar of Zin.
   791 | D        | Found a sparkling altar of Nemelex Xobeh.
   791 | D        | Found a snail-covered altar of Cheibriados.
   792 | D        | Noticed a yaktaur
   792 | D        | Noticed a polar bear
   793 | D        | Noticed a polar bear
   793 | D        | Noticed a polar bear
   794 | D        | Killed a polar bear
   795 | D        | Killed a polar bear
   795 | D        | Reached skill level 1 in Earth Magic
   806 | D        | Killed a polar bear
   806 | D        | Reached skill level 13 in Stealth
   806 | D        | Reached skill level 10 in Spellcasting
   812 | D        | Killed a yaktaur
   812 | D        | Reached XP level 9. HP: 35/44 MP: 15/24
   823 | D        | Found a sacrificial altar of Ru.
   823 | D        | Found an oddly glowing altar of Pakellas.
   830 | D        | Became a worshipper of Dithmenos the Shadowed
   848 | D        | Noticed a kraken
   854 | D        | HP: 2/44 [tentacle[a kraken] (18)]
  1330 | D        | Learned a level 9 spell: Shatter
  1853 | D        | Reached * piety under Dithmenos
  2189 | D        | Noticed Roxanne
  2211 | D        | Noticed a deep troll
  2212 | D        | Noticed a deep troll
  2215 | D        | Killed a deep troll
  2215 | D        | Reached skill level 5 in Fighting
  2215 | D        | Reached skill level 1 in Invocations
  2224 | D        | Killed a deep troll
  2224 | D        | Reached skill level 10 in Short Blades
  2224 | D        | Reached skill level 14 in Stealth
  2362 | D        | Killed a kraken
  2362 | D        | Reached ** piety under Dithmenos
  2362 | D        | Reached skill level 5 in Armour
  2362 | D        | Reached skill level 15 in Stealth
  2362 | D        | Reached XP level 10. HP: 49/51 MP: 12/26
  2432 | D        | Noticed a giant orange brain
  2432 | D        | Noticed Sonja
  2432 | D        | Noticed a red draconian shifter
  2433 | D        | Noticed a hellephant
  2437 | D        | Killed Sonja
  2438 | D        | Killed a red draconian shifter
  2438 | D        | Reached skill level 5 in Ice Magic
  2440 | D        | Killed from afar by a hellephant

Vault maps used:
D:        the_violet_keep_of_menkaure

Action                   |  1- 3 |  4- 6 |  7- 9 | 10-12 || total
-------------------------+-------+-------+-------+-------++-------
Melee: Dagger            |     4 |    49 |    36 |     2 ||    91
 Cast: Corona            |     1 |     6 |       |       ||     7
       Ensorcelled Hiber |       |     5 |    23 |       ||    28
       Confuse           |       |       |    12 |       ||    12
       Dazzling Spray    |       |       |     4 |     1 ||     5
  Use: Potion            |     1 |     1 |       |     1 ||     3
       Scroll            |       |       |     1 |       ||     1
 Stab: Sleeping          |       |     5 |    10 |     2 ||    17
       Confused          |       |       |     8 |       ||     8
       Invisible         |       |       |     3 |       ||     3
